 Dungeon Crawl Stone Soup version 0.29-a0-834-g1e95ca9f62 (console) character file.

Game seed: 5180268637046691384

31 capslocke the Grave Robber (level 3, -2/24 HPs)
             Began as a Mummy Necromancer on July 13, 2022.
             Slain by Sigmund
             ... wielding a +0 scythe
              (10 damage)
             ... on level 2 of the Dungeon.
             The game lasted 00:05:50 (1347 turns).

capslocke the Grave Robber (Mummy Necromancer)      Turns: 1347, Time: 00:05:52

Health: -2/24      AC:  3    Str: 11    XL:     3   Next: 7%
Magic:  6/16       EV: 12    Int: 16    God:
Gold:   40         SH:  0    Dex: 12    Spells: 7/8 levels left

rFire   x . .      SeeInvis .   f - +0 great sword
rCold   + . .      Faith    .   (shield currently unavailable)
rNeg    + + +      Spirit   .   a - +0 robe
rPois   ∞          Reflect  .   (no helmet)
rElec   .          Harm     .   (no cloak)
rCorr   .          Rampage  .   e - +0 pair of gloves
Will    .....                   (no boots)
Stlth   ++........              (no amulet)
HPRegen 0.08/turn               h - ring of magical power
MPRegen 0.15/turn               l - ring of flight

@: flying
A: cold resistance 1, negative energy resistance 3, torment resistance 2, heat
vulnerability 1, in touch with death 1, no potions
a: no special abilities


You were on level 2 of the Dungeon.
You visited 1 branch of the dungeon, and saw 2 of its levels.

You collected 40 gold pieces.

Inventory:

Hand Weapons
 b - a +0 mace
 f - a +0 great sword (weapon)
Missiles
 d - 7 poisoned darts
Armour
 a - a +0 robe (worn)
 e - a +0 pair of gloves (worn)
Jewellery
 h - a ring of magical power (left hand)
 k - a ring of ice
 l - a ring of flight (right hand)
Scrolls
 c - 2 scrolls of identify {unknown}
 g - 2 scrolls of teleportation {unknown}
 i - a scroll of vulnerability {unknown}
 j - a scroll of immolation {unknown}
Potions
 m - a potion of degeneration {unknown}


   Skills:
 + Level 1.7 Dodging
 - Level 1.5 Stealth
 + Level 3.2 Spellcasting
 + Level 4.6 Necromancy


You had 7 spell levels left.
You knew the following spells:

 Your Spells              Type           Power      Damage    Failure   Level
a - Necrotise             Necr           100%       1d9       2%          1

Your spell library contained the following spells:

 Spells                   Type           Power      Damage    Failure   Level
 Vampiric Draining        Necr           26%        2d7       8%          3
 Slow                     Hex            8%         N/A       19%         1
 Animate Dead             Necr           26%        N/A       26%         4
 Confusing Touch          Hex            2%         N/A       50%         3
 Agony                    Necr           26%        N/A       58%         5


Dungeon Overview and Level Annotations

Branches:
Dungeon (2/15)

Altars:

Annotations:
D:2 Sigmund


Innate Abilities, Weirdness & Mutations

You are immune to poison.
Your flesh is cold resistant. (rC+)
You are immune to negative energy. (rN+++)
You are immune to unholy pain and torment.
You are vulnerable to heat. (rF-)
You are in touch with the powers of death.
You do not drink.


Message History

The adder hisses angrily.
Something barely misses you.
Casting: Necrotise (safe; 2% risk of failure)
Confirm with . or Enter, or press ? or * to list all spells.
Aiming: Necrotise (safe; 2% risk of failure)
Press: ? - help, Shift-Dir - straight line, f/p - adder
Aim: an adder (chance to affect: 88%)
You feel a surge of power!
Something writhes in agony.
Casting: Necrotise (safe; 2% risk of failure)
Confirm with . or Enter, or press ? or * to list all spells.
Aiming: Necrotise (safe; 2% risk of failure)
Press: ? - help, Shift-Dir - straight line, f/p - adder
Aim: an adder (chance to affect: 88%)
You feel a surge of power!
The adder writhes in agony!
Something hits you.
You hit the adder but do no damage.
The adder is severely wounded.
The adder misses you. The adder closely misses you. Something hits you.
* * * LOW HITPOINT WARNING * * *
You barely miss the adder.
The adder is severely wounded.
Sigmund appears from thin air!
Reactivating autopickup.
The adder barely misses you.
Sigmund says, "Your kind have come here before.
I understand now why.
You desire death..."
Sigmund barely misses you. The adder bites you but does no damage.
The adder barely misses you.
Casting: Necrotise (safe; 2% risk of failure)
Confirm with . or Enter, or press ? or * to list all spells.
Okay, then.
You can't drink.
Casting: Necrotise (safe; 2% risk of failure)
Confirm with . or Enter, or press ? or * to list all spells.
Aiming: Necrotise (safe; 2% risk of failure)
Press: ? - help, Shift-Dir - straight line, f/p - adder
Aim: an adder (severely wounded, chance to affect: 88%)
You feel a surge of power!
The adder writhes in agony!
You kill the adder!
The dead are slithering!
Sigmund hits you from afar with a +0 scythe!
You die...

#.......##.#
####.#..##.##
#B#..#...###
#.#..#...#..
#.#..#...#.#
.#)#..B.# $#
#.....##.###.######
###.#..Z@##.<......
#..#.##..@......=.
....#.#####........
#...... #........
#..#... ...######
#.... ####


You could see Sigmund (ally target) and a friendly adder skeleton.

Vanquished Creatures
  An adder (D:2)
  A dart slug (D:1)
  6 ball pythons
  An endoplasm (D:1)
  2 giant cockroaches
  A goblin (D:1)
  3 hobgoblins (D:1)
  2 quokkas (D:1)
  4 bats
  A frilled lizard (D:1)
  4 kobolds
  4 rats (D:1)
30 creatures vanquished.

Vanquished Creatures (others)
  A plant (D:2)
1 creature vanquished.

Grand Total: 31 creatures vanquished

Notes
Turn   | Place    | Note
-------+----------+-------------------------------------------
     0 | D:1      | capslocke the Mummy Necromancer began the quest for the
                  | Orb.
     0 | D:1      | Reached XP level 1. HP: 13/13 MP: 4/4
   262 | D:1      | Reached XP level 2. HP: 13/19 MP: 0/5
  1311 | D:2      | Noticed Sigmund
  1314 | D:2      | Gained mutation: You are in touch with the powers of death.
                  | [Mummy growth]
  1314 | D:2      | Reached XP level 3. HP: 24/24 MP: 7/7
  1347 | D:2      | Slain by Sigmund

Illustrated notes

Levels and vault maps discovered:
D:1:      erik_arrival_blinker_ship, layout_basic, serial_rivers,
          chequers_serial_rivers_micro_b, chequers_serial_rivers_small_a,
          chequers_serial_rivers_micro_e, chequers_serial_rivers_large_a
D:2:      layout_basic, serial_bayou_crossing, uniq_sigmund, uniq_terence

Skill      XL: |  1  2 |
---------------+-------+-----
Spellcasting   | 3 |  3.2
Dodging        | |  1.7
Stealth        | |  1.5
Necromancy     | |  4.6

Action                   || total
-------------------------++-------
Melee: Mace              ||    13
       Great sword       ||     6
 Cast: Necrotise         ||    52
Armor: Robe              ||     9
Dodge: Dodged            ||    25

Table legend: (Time is in decaauts)
 A = Elapsed time spent in this place.
 B = Non-inter-level travel time spent in this place.
 C = Inter-level travel time spent in this place.
 D = Time resting spent in this place.
 E = Time spent auto-exploring this place.
 F = Levels seen in this place.
 G = Mean time per level.
                   A        B        C        D        E       F      G
               +--------+--------+--------+--------+--------+-----+--------+
         Total |   1366 |   1357 |      9 |    286 |    860 |   2 |  683.0 |
       Dungeon |   1366 |   1357 |      9 |    286 |    860 |   2 |  683.0 |
               +--------+--------+--------+--------+--------+-----+--------+

Top non-repeatable levels by time:
     D:1: 1240 daAuts
     D:2: 125 daAuts
